| TOP OF THE 1ST |
|
Fort Myers Miracles batting - Pitching for Port Arthur Pirates : LHP Dan Plesac
|
|
Pitching: LHP Dan Plesac
|
|
|
Batting: SHB Ronnie Chapman
|
0-0: Ball 1-0: Called Strike 1-1: Called Strike 1-2: Ball 2-2: Strikes out swinging
|
|
Batting: RHB T.J. Stout
|
0-0: SINGLE (Line Drive, 34, EV 101.3 MPH)
|
|
Batting: RHB Bobby Hinson
|
0-0: Called Strike 0-1: Foul Ball, location: 2F 0-2: Ball 1-2: Foul Ball, location: 2F 1-2: Ball 2-2: DOUBLE (Line Drive, 9LM, EV 100.0 MPH) T.J. Stout to third Runner from 3rd tries for Home, SAFE, throw by RF to trailing runner, SAFE at third!
|
|
Batting: RHB Galtero Gioacchini
|
0-0: Called Strike 0-1: Ball 1-1: DOUBLE (Line Drive, 9LD, EV 102.5 MPH) Bobby Hinson scores
|
|
Batting: RHB Michael Saccocio
|
0-0: Swinging Strike 0-1: Foul Ball, location: 2F 0-2: Foul Ball, location: 2F 0-2: Foul Ball, location: 2F 0-2: Foul Ball, location: 2F 0-2: Foul Ball, location: 2F 0-2: Ball 1-2: Foul Ball, location: 2F 1-2: Ball 2-2: Ground out 4-3 (Groundball, 4, EV 88.1 MPH) Galtero Gioacchini to third
|
|
Batting: LHB Rodney Hodde
|
0-0: Ball 1-0: Called Strike 1-1: Fly out, F8 (Flyball, 89S, EV 90.0 MPH)
|
| Top of the 1st over - 2 runs, 3 hits, 0 errors, 1 left on base; Fort Myers 2 - Port Arthur 0 |
| BOTTOM OF THE 1ST |
|
Port Arthur Pirates batting - Pitching for Fort Myers Miracles : RHP Jose Bonifilio
|
|
Pitching: RHP Jose Bonifilio
|
|
|
Batting: SHB Geoff Doggett
|
0-0: Ball 1-0: Called Strike 1-1: Ball 2-1: Fly out, F8 (Flyball, 8LD, EV 104.4 MPH)
|
|
Batting: LHB Pat Hodge
|
0-0: Ball 1-0: Ball 2-0: Fly out, F9 (Flyball, 89D, EV 101.3 MPH)
|
|
Batting: RHB Steve Stanicek
|
0-0: Called Strike 0-1: Called Strike 0-2: Ball 1-2: Foul Ball, location: 2F 1-2: Foul Ball, location: 2F 1-2: Strikes out swinging
|
| Bottom of the 1st over - 0 runs, 0 hits, 0 errors, 0 left on base; Fort Myers 2 - Port Arthur 0 |
| TOP OF THE 2ND |
|
Fort Myers Miracles batting - Pitching for Port Arthur Pirates : LHP Dan Plesac
|
|
Batting: LHB Stacey Pettis
|
0-0: Ball 1-0: Called Strike 1-1: Foul Ball, location: 2F 1-2: Ball 2-2: Ground out 4-3 (Groundball, 4, EV 88.1 MPH)
|
|
Batting: LHB Abraham Becerra
|
0-0: Ball 1-0: Ground out 4-3 (Groundball, 4S, EV 91.3 MPH)
|
|
Batting: RHB Rico Escobar
|
0-0: Foul Ball, location: 2F 0-1: Fly out, F4 (Popup, 23, EV 83.1 MPH)
|
| Top of the 2nd over - 0 runs, 0 hits, 0 errors, 0 left on base; Fort Myers 2 - Port Arthur 0 |
| BOTTOM OF THE 2ND |
|
Port Arthur Pirates batting - Pitching for Fort Myers Miracles : RHP Jose Bonifilio
|
|
Batting: RHB Russ Morman
|
0-0: Ball 1-0: Ball 2-0: Ball 3-0: Called Strike 3-1: Foul Ball, location: 2F 3-2: Base on Balls
|
|
Batting: LHB Dave Camara
|
0-0: Called Strike 0-1: Swinging Strike Russ Morman is caught stealing 2nd base 2-6 0-2: Ground out 6-3 (Groundball, 56, EV 98.8 MPH)
|
|
Batting: RHB Billy Ripken
|
0-0: Called Strike 0-1: Foul Ball, location: 2F 0-2: Strikes out swinging
|
| Bottom of the 2nd over - 0 runs, 0 hits, 0 errors, 0 left on base; Fort Myers 2 - Port Arthur 0 |
| TOP OF THE 3RD |
|
Fort Myers Miracles batting - Pitching for Port Arthur Pirates : LHP Dan Plesac
|
|
Batting: SHB Ronnie Chapman
|
0-0: Called Strike 0-1: Ball 1-1: Foul Ball, location: 2F 1-2: Ball 2-2: Ground out U3 (Groundball, 34S, EV 81.9 MPH)
|
|
Batting: RHB T.J. Stout
|
0-0: Called Strike 0-1: Foul Ball, location: 2F 0-2: Strikes out swinging
|
|
Batting: RHB Bobby Hinson
|
0-0: Ball 1-0: SINGLE (Groundball, 25, EV 66.9 MPH) (infield hit)
|
|
Pinch Runner at 1st Moses Coleman:
|
|
|
Batting: RHB Galtero Gioacchini
|
0-0: Ball 1-0: Ball 2-0: Fielders Choice at 2nd, 6-4 (Groundball, 6, EV 81.9 MPH)
|
| Top of the 3rd over - 0 runs, 1 hit, 0 errors, 1 left on base; Fort Myers 2 - Port Arthur 0 |
| BOTTOM OF THE 3RD |
|
Port Arthur Pirates batting - Pitching for Fort Myers Miracles : RHP Jose Bonifilio
|
|
Now at 3B: David Pagel
|
|
|
Batting: LHB Michael Jones
|
0-0: Ball 1-0: Foul Ball, location: 2F 1-1: Ball 2-1: Ball 3-1: Base on Balls
|
|
Batting: RHB Otto Gonzalez
|
0-0: Ball 1-0: Ball Wild Pitch! Michael Jones to second 2-0: Called Strike 2-1: Ball 3-1: Ground out 4-3 (Groundball, 34, EV 81.3 MPH) Michael Jones to third
|
|
Batting: RHB Mark Dougherty
|
0-0: SINGLE (Flyball, 34D, EV 90.6 MPH) Michael Jones scores
|
|
Batting: SHB Geoff Doggett
|
0-0: Foul Ball, location: 2F 0-1: Called Strike Mark Dougherty steals 2nd base 0-2: Ball 1-2: Fly out, F8 (Flyball, 8RM, EV 89.4 MPH)
|
|
Batting: LHB Pat Hodge
|
0-0: Ball 1-0: Called Strike 1-1: Called Strike 1-2: Strikes out looking
|
| Bottom of the 3rd over - 1 run, 1 hit, 0 errors, 1 left on base; Fort Myers 2 - Port Arthur 1 |
| TOP OF THE 4TH |
|
Fort Myers Miracles batting - Pitching for Port Arthur Pirates : LHP Dan Plesac
|
|
Batting: RHB Michael Saccocio
|
0-0: Ball 1-0: Ball 2-0: Ball 3-0: Called Strike 3-1: Foul Ball, location: 2F 3-2: SINGLE (Groundball, 56D, EV 99.4 MPH)
|
|
Batting: LHB Rodney Hodde
|
0-0: Fly out, F8 (Line Drive, 8RD, EV 92.5 MPH)
|
|
Batting: LHB Stacey Pettis
|
0-0: Ball 1-0: SINGLE (Groundball, 6MS, EV 86.9 MPH) (infield hit) Michael Saccocio to second
|
|
Batting: LHB Abraham Becerra
|
0-0: Ball 1-0: Ball 2-0: Called Strike 2-1: Swinging Strike 2-2: Fly out, F9 (Flyball, 89XD, EV 93.8 MPH) Runner from 2nd tags up, SAFE at 3rd, no throw by RF
|
|
Batting: RHB Rico Escobar
|
0-0: Ball 1-0: Called Strike 1-1: SINGLE (Groundball, 4D, EV 105.0 MPH) Michael Saccocio scores Stacey Pettis to second Runner from 2nd tries for 3rd, SAFE, throw by CF made to third
|
|
Batting: SHB Ronnie Chapman
|
0-0: Ball 1-0: Foul Ball, location: 2F 1-1: Ball 2-1: Ball 3-1: Base on Balls Rico Escobar to second
|
|
Batting: RHB T.J. Stout
|
0-0: Ground out 1-3 (Groundball, 15S, EV 58.8 MPH)
|
| Top of the 4th over - 1 run, 3 hits, 0 errors, 3 left on base; Fort Myers 3 - Port Arthur 1 |
| BOTTOM OF THE 4TH |
|
Port Arthur Pirates batting - Pitching for Fort Myers Miracles : RHP Jose Bonifilio
|
|
Batting: RHB Steve Stanicek
|
0-0: Ball 1-0: Ball 2-0: Ball 3-0: Base on Balls
|
|
Batting: RHB Russ Morman
|
0-0: Called Strike 0-1: Ball 1-1: Fly out, F9 (Line Drive, 9, EV 96.3 MPH)
|
|
Batting: LHB Dave Camara
|
0-0: Ball 1-0: Ball Wild Pitch! Steve Stanicek to second 2-0: Called Strike 2-1: Ball 3-1: SINGLE (Groundball, 34S, EV 65.6 MPH) (infield hit) Steve Stanicek to third
|
|
Batting: RHB Billy Ripken
|
0-0: Called Strike 0-1: Swinging Strike 0-2: Grounds into double play, 6-4-3 (Groundball, 6, EV 105.6 MPH)
|
| Bottom of the 4th over - 0 runs, 1 hit, 0 errors, 1 left on base; Fort Myers 3 - Port Arthur 1 |
| TOP OF THE 5TH |
|
Fort Myers Miracles batting - Pitching for Port Arthur Pirates : LHP Dan Plesac
|
|
Batting: LHB David Pagel
|
0-0: Called Strike 0-1: Foul Ball, location: 2F 0-2: Ground out 1-3 (Groundball, 13S, EV 70.6 MPH)
|
|
Batting: RHB Galtero Gioacchini
|
0-0: Ball 1-0: Ball 2-0: Ground out 4-3 (Groundball, 4S, EV 83.1 MPH)
|
|
Batting: RHB Michael Saccocio
|
0-0: Called Strike 0-1: Ball 1-1: Ball 2-1: Swinging Strike 2-2: Foul Ball, location: 2F 2-2: Ground out 5-3 (Groundball, 56, EV 78.8 MPH)
|
| Top of the 5th over - 0 runs, 0 hits, 0 errors, 0 left on base; Fort Myers 3 - Port Arthur 1 |
| BOTTOM OF THE 5TH |
|
Port Arthur Pirates batting - Pitching for Fort Myers Miracles : RHP Jose Bonifilio
|
|
Batting: LHB Michael Jones
|
0-0: Ball 1-0: Foul Ball, location: 2F 1-1: Foul Ball, location: 2F 1-2: Foul Ball, location: 2F 1-2: Fly out, F7 (Flyball, 78S, EV 94.4 MPH)
|
|
Batting: RHB Otto Gonzalez
|
0-0: Called Strike 0-1: Ball 1-1: Ground out 4-3 (Groundball, 34, EV 85.0 MPH)
|
|
Batting: RHB Mark Dougherty
|
0-0: Ball 1-0: Ball 2-0: Ball 3-0: Base on Balls
|
|
Batting: SHB Geoff Doggett
|
0-0: Ball 1-0: Called Strike 1-1: Foul Ball, location: 2F 1-2: Ball 2-2: Ball 3-2: Base on Balls Mark Dougherty to second
|
|
Batting: LHB Pat Hodge
|
0-0: Ball 1-0: Called Strike 1-1: Foul Ball, location: 2F 1-2: Foul Ball, location: 2F 1-2: Foul Ball, location: 2F 1-2: Foul Ball, location: 2F 1-2: Foul Ball, location: 2F 1-2: Foul Ball, location: 2F 1-2: Strikes out looking
|
| Bottom of the 5th over - 0 runs, 0 hits, 0 errors, 2 left on base; Fort Myers 3 - Port Arthur 1 |
| TOP OF THE 6TH |
|
Fort Myers Miracles batting - Pitching for Port Arthur Pirates : LHP Dan Plesac
|
|
Batting: LHB Rodney Hodde
|
0-0: Ball 1-0: Fly out, F8 (Flyball, 8RD, EV 101.9 MPH)
|
|
Batting: LHB Stacey Pettis
|
0-0: Fly out, F4 (Flyball, 3D, EV 86.3 MPH)
|
|
Batting: LHB Abraham Becerra
|
0-0: Called Strike 0-1: Swinging Strike 0-2: Ball 1-2: Ball 2-2: Ball 3-2: Foul Ball, location: 2F 3-2: Foul Ball, location: 2F 3-2: SINGLE (Groundball, 6D, EV 108.1 MPH)
|
|
Batting: RHB Rico Escobar
|
0-0: Fly out, F7 (Flyball, 78M, EV 87.5 MPH)
|
| Top of the 6th over - 0 runs, 1 hit, 0 errors, 1 left on base; Fort Myers 3 - Port Arthur 1 |
| BOTTOM OF THE 6TH |
|
Port Arthur Pirates batting - Pitching for Fort Myers Miracles : RHP Jose Bonifilio
|
|
Batting: RHB Steve Stanicek
|
0-0: Ball 1-0: SINGLE (Line Drive, 89S, EV 86.9 MPH)
|
|
Batting: RHB Russ Morman
|
0-0: Called Strike 0-1: Foul Ball, location: 2F 0-2: Ball 1-2: Foul Ball, location: 2F 1-2: Ball 2-2: Ball 3-2: Fielders Choice at 2nd, U6 (Groundball, 4M, EV 85.6 MPH)
|
|
Batting: LHB Dave Camara
|
0-0: Ball 1-0: Fly out, F8 (Flyball, 8RD, EV 102.5 MPH)
|
|
Batting: RHB Billy Ripken
|
0-0: Called Strike 0-1: Foul Ball, location: 2F 0-2: Ball 1-2: Ball 2-2: Ball 3-2: Foul Ball, location: 2F 3-2: Foul Ball, location: 2F 3-2: Strikes out swinging
|
| Bottom of the 6th over - 0 runs, 1 hit, 0 errors, 1 left on base; Fort Myers 3 - Port Arthur 1 |
| TOP OF THE 7TH |
|
Fort Myers Miracles batting - Pitching for Port Arthur Pirates : LHP Dan Plesac
|
|
Batting: SHB Ronnie Chapman
|
0-0: Ball 1-0: Ball 2-0: Called Strike 2-1: Foul Ball, location: 2F 2-2: Ball 3-2: Foul Ball, location: 2F 3-2: SINGLE (Groundball, 56, EV 100.0 MPH) (infield hit)
|
|
Batting: RHB T.J. Stout
|
0-0: Ball Ronnie Chapman steals 2nd base 1-0: Ball 2-0: Fly out, F9 (Line Drive, 9, EV 91.9 MPH) Runner from 2nd tags up, SAFE at 3rd with throw by RF
|
|
Batting: LHB David Pagel
|
0-0: Called Strike 0-1: Ball 1-1: Ball 2-1: Ball 3-1: Base on Balls
|
|
Batting: RHB Galtero Gioacchini
|
0-0: Ball 1-0: Foul Ball, location: 2F 1-1: Called Strike 1-2: Ball 2-2: SINGLE (Groundball, 6MD, EV 95.6 MPH) Ronnie Chapman scores David Pagel to second Runner from 2nd tries for 3rd, SAFE, no throw by CF
|
|
Batting: RHB Michael Saccocio
|
0-0: Called Strike 0-1: Ball 1-1: DOUBLE (Line Drive, 7LS, EV 114.4 MPH) David Pagel scores Galtero Gioacchini to third Runner from 3rd tries for Home, SAFE, throw by LF to home
|
|
Pitching: RHP John McMahon
|
|
|
Batting: LHB Rodney Hodde
|
0-0: Ball 1-0: Ball 2-0: Ball 3-0: Called Strike 3-1: Base on Balls
|
|
Batting: LHB Stacey Pettis
|
0-0: Fly out, F8 (Flyball, 8LXD, EV 101.9 MPH) Runner from 2nd tags up, SAFE at 3rd, no throw by CF
|
|
Batting: LHB Abraham Becerra
|
0-0: Swinging Strike 0-1: Ball 1-1: Fielders Choice at 2nd, 6-4 (Groundball, 6, EV 87.5 MPH)
|
| Top of the 7th over - 3 runs, 3 hits, 0 errors, 2 left on base; Fort Myers 6 - Port Arthur 1 |
| BOTTOM OF THE 7TH |
|
Port Arthur Pirates batting - Pitching for Fort Myers Miracles : RHP Jose Bonifilio
|
|
Batting: LHB Michael Jones
|
0-0: Called Strike 0-1: Called Strike 0-2: Ball 1-2: SINGLE (Line Drive, 89S, EV 104.4 MPH)
|
|
Batting: RHB Otto Gonzalez
|
0-0: 2-RUN HOME RUN (Flyball, 89XD, EV 109.4 MPH), Distance : 384 ft
|
|
Batting: RHB Mark Dougherty
|
0-0: Ball 1-0: Fly out, F7 (Flyball, 8LM, EV 91.9 MPH)
|
|
Batting: SHB Geoff Doggett
|
0-0: Ball 1-0: Ball 2-0: Ball 3-0: Base on Balls
|
|
Batting: LHB Pat Hodge
|
0-0: Ball 1-0: Ball 2-0: Fielders Choice at 2nd, 4-6 (Groundball, 4, EV 87.5 MPH)
|
|
Batting: RHB Steve Stanicek
|
0-0: Swinging Strike 0-1: Called Strike 0-2: Strikes out swinging
|
| Bottom of the 7th over - 2 runs, 2 hits, 0 errors, 1 left on base; Fort Myers 6 - Port Arthur 3 |
| TOP OF THE 8TH |
|
Fort Myers Miracles batting - Pitching for Port Arthur Pirates : RHP John McMahon
|
|
Batting: RHB Rico Escobar
|
0-0: Ball 1-0: Ground out U3 (Groundball, 13, EV 82.5 MPH)
|
|
Batting: SHB Ronnie Chapman
|
0-0: Ground out 5-3 (Groundball, 56, EV 87.5 MPH)
|
|
Batting: RHB T.J. Stout
|
0-0: Ball 1-0: Swinging Strike 1-1: Ball 2-1: Foul Ball, location: 2F 2-2: Foul Ball, location: 2F 2-2: Ground out 1-3 (Groundball, P, EV 69.4 MPH)
|
| Top of the 8th over - 0 runs, 0 hits, 0 errors, 0 left on base; Fort Myers 6 - Port Arthur 3 |
| BOTTOM OF THE 8TH |
|
Port Arthur Pirates batting - Pitching for Fort Myers Miracles : RHP Jose Bonifilio
|
|
Batting: RHB Russ Morman
|
0-0: Fly out, F8 (Line Drive, 8LM, EV 96.9 MPH)
|
|
Batting: LHB Dave Camara
|
0-0: Ball 1-0: Ball 2-0: Ground out 4-3 (Groundball, 4, EV 84.4 MPH)
|
|
Batting: RHB Billy Ripken
|
0-0: Called Strike 0-1: Ball 1-1: SINGLE (Line Drive, 6M, EV 96.9 MPH)
|
|
Batting: LHB Michael Jones
|
0-0: Called Strike 0-1: Swinging Strike 0-2: Ball 1-2: Foul Ball, location: 2F 1-2: Strikes out swinging
|
| Bottom of the 8th over - 0 runs, 1 hit, 0 errors, 1 left on base; Fort Myers 6 - Port Arthur 3 |
| TOP OF THE 9TH |
|
Fort Myers Miracles batting - Pitching for Port Arthur Pirates : RHP John McMahon
|
|
Pitching: LHP Victor Guichardo
|
|
|
Batting: LHB David Pagel
|
0-0: Ball 1-0: Ball 2-0: Ball 3-0: Base on Balls
|
|
Batting: RHB Galtero Gioacchini
|
0-0: Ball 1-0: Swinging Strike 1-1: Ball 2-1: Ball Wild Pitch! David Pagel to second 3-1: Foul Ball, location: 2F 3-2: Base on Balls
|
|
Batting: RHB Michael Saccocio
|
0-0: DOUBLE (Flyball, 7LD, EV 96.3 MPH) David Pagel scores Galtero Gioacchini to third
|
|
Batting: LHB Rodney Hodde
|
0-0: Ball 1-0: Foul Ball, location: 2F 1-1: Ball 2-1: Foul Ball, location: 2F 2-2: Ground out 1-3 (Groundball, 34S, EV 62.5 MPH)
|
|
Batting: LHB Stacey Pettis
|
0-0: Ball 1-0: Ball 2-0: Swinging Strike 2-1: Swinging Strike 2-2: Foul Ball, location: 2F 2-2: Strikes out swinging
|
|
Batting: LHB Abraham Becerra
|
0-0: Ground out 4-3 (Groundball, 4D, EV 100.0 MPH)
|
| Top of the 9th over - 1 run, 1 hit, 0 errors, 2 left on base; Fort Myers 7 - Port Arthur 3 |
| BOTTOM OF THE 9TH |
|
Port Arthur Pirates batting - Pitching for Fort Myers Miracles : RHP Jose Bonifilio
|
|
Pitching: LHP Mike Evans
|
|
|
Batting: RHB Otto Gonzalez
|
0-0: Ball 1-0: Ball 2-0: Ball 3-0: Called Strike 3-1: Ground out 6-3 (Groundball, 6, EV 101.9 MPH)
|
|
Batting: RHB Mark Dougherty
|
0-0: Ground out 4-3 (Groundball, 4, EV 98.1 MPH)
|
|
Batting: SHB Geoff Doggett
|
0-0: Ball 1-0: Foul Ball, location: 2F 1-1: Foul Ball, location: 2F 1-2: Ground out 6-3 (Groundball, 56, EV 86.9 MPH)
|
| Bottom of the 9th over - 0 runs, 0 hits, 0 errors, 0 left on base; Fort Myers 7 - Port Arthur 3 |
|